 Dungeon Crawl Stone Soup version 0.24-a0-520-g8fd06ad (webtiles) character file.

Game seed: 12560646783025208647

206 Dorkslayer the Skirmisher (level 5, -11/42 HPs)
             Began as a Demonspawn Abyssal Knight on July 23, 2019.
             Was a Believer of Lugonu.
             Mangled by a kobold
             ... wielding a +1 whip of electrocution
              (17 damage)
             ... on level 3 of the Dungeon.
             The game lasted 00:11:08 (2763 turns).

Dorkslayer the Skirmisher (DsAK)                    Turns: 2763, Time: 00:11:09

Health: -11/42     AC: 10    Str: 14    XL:     5   Next: 53%
Magic:  0/7        EV:  6    Int: 13    God:    Lugonu [**....]
Gold:   160        SH:  0    Dex: 10    Spells: 4/4 levels left

rFire    . . .     SeeInvis .   a - +1 hand axe
rCold    . . .     Gourm    .   (no shield)
rNeg     . . .     Faith    .   i - +0 chain mail
rPois    .         Spirit   +   (no helmet)
rElec    .         Reflect  .   (no cloak)
rCorr    .         Harm     .   t - +0 pair of gloves
MR       .....     Rnd*Tele +   (no boots)
Stlth    ..........             (no amulet)
HPRegen  0.14/turn              (no ring)
MPRegen  0.10/turn              (no ring)

@: no status effects
A: claws 1, [clumsy 1], nightstalker 1, [teleportitis 1], magic shield
a: Depart the Abyss, Bend Space, Renounce Religion


You were on level 3 of the Dungeon.
You worshipped Lugonu.
Lugonu was pleased with you.
You were not hungry.

You visited 1 branch of the dungeon, and saw 3 of its levels.
You visited the Abyss 1 time.

You collected 160 gold pieces.

Inventory:

Hand Weapons
 a - a +1 hand axe (weapon)
Armour
 i - a +0 chain mail (worn)
 t - a +0 pair of gloves (worn)
Wands
 l - a wand of acid (7)
 n - a wand of polymorph (5)
Scrolls
 d - a scroll of fog {unknown}
 e - 3 scrolls of remove curse
 f - 2 scrolls of fear {unknown}
 h - 4 scrolls of teleportation
 j - a scroll of enchant weapon {unknown}
 p - 2 scrolls of enchant armour {unknown}
 s - a scroll of amnesia {unknown}
Potions
 g - 3 potions of curing
 k - 3 potions of heal wounds
 m - a potion of might {unknown}
 q - a potion of resistance {unknown}
 r - a potion of agility {unknown}
Comestibles
 b - a chunk of flesh
 c - 12 rations


   Skills:
 + Level 3.9 Fighting
 + Level 3.7 Axes
 + Level 3.0 Armour
 + Level 1.2 Dodging
 + Level 2.9 Invocations


You had 4 spell levels left.
You didn't know any spells.
Your spell library was empty.

Dungeon Overview and Level Annotations

Branches:
Dungeon (3/15)

Altars:
Trog


Innate Abilities, Weirdness & Mutations

You have sharp fingernails.
You are slightly more attuned to the shadows.
When hurt, damage is shared between your health and your magic reserves.
[You are clumsy. (Dex -2)]
[You are occasionally teleported next to monsters.]


Message History

You hit the worm.
The worm is lightly wounded.
The worm barely misses you.
You barely miss the kobold. You hit the worm.
The kobold hits you but does no damage.
You closely miss the kobold. You hit the worm but do no damage.
The kobold hits you but does no damage. The worm bites you!
You closely miss the kobold. You hit the worm but do no damage.
You feel sick.
You are no longer poisoned.
The kobold hits you but does no damage. The worm bites you.
The kobold hits you with a +1 whip of electrocution.
You are electrocuted!
* * * LOW HITPOINT WARNING * * *
You closely miss the kobold. You hit the worm.
The kobold hits you but does no damage.
You miss the kobold. You hit the worm. The worm bites you but does no damage.
The kobold hits you with a +1 whip of electrocution.
* * * LOW HITPOINT WARNING * * *
You are electrocuted!!
You die...

#.###.# ⌠⌠⌠⌠⌠.##.⌠⌠⌠⌠
##.###.# ⌠⌠⌠⌠⌠⌠⌠..⌠⌠⌠⌠⌠⌠
#....... ⌠⌠⌠⌠⌠⌠⌠..⌠⌠⌠⌠⌠⌠
##.##.## ⌠⌠⌠⌠⌠⌠⌠..⌠⌠⌠⌠⌠⌠
#.##.## ⌠⌠⌠⌠⌠⌠⌠..⌠⌠⌠⌠⌠⌠
#...... #⌠⌠⌠⌠⌠⌠).⌠⌠⌠⌠⌠⌠
###...# #⌠⌠⌠⌠⌠÷K⌠⌠⌠⌠⌠# #
#.).# ##⌠⌠⌠%w@⌠⌠⌠⌠#
.#####...#
##⌠⌠⌠..⌠⌠⌠###.#........
#####''####............
.#.. #.........#........
.#
..>##.####.########...#
#.# #. . ...##......#
#...# #.#
#.##.#.###.#.##.# #...#
..# #.##>#.###.#.##.#
#...# #.#
#.##.........##.######.##


You could see a worm and a kobold.

Vanquished Creatures
  Natasha (D:3)
  10 adders
  An ooze (D:1)
  A worm (D:2)
  3 dart slugs (D:1)
  A leopard gecko (D:3)
  2 orcs (D:3)
  3 giant cockroaches
  6 goblins
  5 hobgoblins
  11 jackals
  6 kobolds
  2 quokkas (D:2)
  6 ball pythons (D:2)
  8 bats
  3 frilled lizards (D:1)
  A leopard gecko skeleton (D:3)
  8 rats
78 creatures vanquished.

Notes
Turn   | Place    | Note
-------+----------+-------------------------------------------
     0 | Abyss:1  | Dorkslayer the Demonspawn Abyssal Knight began the quest
                  | for the Orb.
     0 | Abyss:1  | Reached XP level 1. HP: 18/18 MP: 2/2
    55 | Abyss:1  | Noticed a freezing wraith
    59 | Abyss:1  | Noticed a wretched star
    60 | Abyss:1  | Noticed a small abomination
    61 | D:1      | Escaped the Abyss
   125 | D:1      | Gained mutation: When hurt, damage is shared between your
                  | health and your magic reserves. [demonic ancestry]
   125 | D:1      | Reached XP level 2. HP: 24/24 MP: 3/3
   268 | D:1      | Reached * piety under Lugonu
   430 | D:1      | Gained mutation: You have sharp fingernails. [demonic
                  | ancestry]
   430 | D:1      | Reached XP level 3. HP: 27/29 MP: 5/5
   603 | D:1      | Reached skill level 1 in Dodging
  1043 | D:2      | Reached XP level 4. HP: 12/35 MP: 4/6
  1735 | D:2      | Reached ** piety under Lugonu
  2153 | D:3      | Found a bloodstained altar of Trog.
  2253 | D:3      | Gained mutation: You are slightly more attuned to the
                  | shadows. [demonic ancestry]
  2253 | D:3      | Reached XP level 5. HP: 42/42 MP: 7/7
  2341 | D:3      | Noticed Natasha
  2348 | D:3      | Killed Natasha
  2763 | D:3      | Mangled by a kobold

Levels and vault maps discovered:
D:1:      minmay_arrival_five_plusses, layout_basic
D:2:      layout_loops_corners, minmay_snake_closets
D:3:      kennysheep_big_flooded_room, layout_loops_cross, first_ration,
          trog_three_pillars_becter, uniq_natasha

Skill      XL: |  1  2  3  4  5 |
---------------+----------------+-----
Armour         | 2 3 |  3.0
Axes           | 2 3 |  3.7
Dodging        | 1 |  1.2
Fighting       | |  3.9
Invocations    | |  2.9

Action                   |  1- 3 |  4- 6 || total
-------------------------+-------+-------++-------
Melee: Hand axe          |   138 |   153 ||   291
Invok: Depart the Abyss  |     1 |       ||     1
Evoke: Wand              |       |     1 ||     1
  Use: Scroll            |       |     4 ||     4
  Eat: Chunk             |     1 |     2 ||     3
       Ration            |       |     1 ||     1
Armor: Leather armour    |     5 |       ||     5
       Chain mail        |    84 |   131 ||   215
Dodge: Dodged            |    51 |    81 ||   132

Table legend:
 A = Non-vault XP
 B = Vault XP
 C = Vault XP percentage of total XP
 D = Non-vault monster count
 E = Vault monster count
 F = Vault count percentage of total count
                 A         B        C        D         E       F
            +---------+---------+-------+---------+---------+-------
      Total |     186 |     109 |  36.9 |      66 |      12 |  15.4
            +---------+---------+-------+---------+---------+-------
        D:1 |      59 |       0 |   0.0 |      28 |       0 |   0.0
        D:2 |      49 |      59 |  54.6 |      14 |       9 |  39.1
        D:3 |      78 |      50 |  39.1 |      24 |       3 |  11.1
            +---------+---------+-------+---------+---------+-------
